 Dungeon Crawl Stone Soup version 0.28.0-45-g0d030f2227 (webtiles) character file.

Game seed: 8227127180262384454

1339 ReploidZero the Thaumaturge (level 8, 0/75 HPs)
             Began as a Djinni Conjurer on Apr 17, 2022.
             Was an Initiate of Nemelex Xobeh.
             Slain by an orc
             ... wielding a +0 mace
              (4 damage)
             ... on level 9 of the Dungeon.
             The game lasted 00:12:26 (7512 turns).

ReploidZero the Thaumaturge (Djinni Conjurer)       Turns: 7512, Time: 00:12:26

Health: 0/75       AC:  6    Str:  3 (6)  XL:     8   Next: 93%
Gold:   229        EV:  6    Int: 21 (23) God:    Nemelex Xobeh [......] SH:  0 Dex:  9 (11)

rFire   + + .      SeeInvis .   r - +8 frozen axe "Frostbite" {freezing cloud, *Noise Fly rC+}
rCold   . . .      Faith    .   (shield currently unavailable)
rNeg    . . .      Spirit   .   s - +0 steam dragon scales
rPois   ∞          Reflect  .   (no helmet)
rElec   .          Harm     .   (no cloak)
rCorr   .          Rampage  .   c - +0 pair of gloves
Will    .....                   (boots unavailable)
Stlth   ..........              (no amulet)
HPRegen 0.22/turn               (no ring)
MPRegen 0.00/turn               (no ring)

@: berserking, flying, held, very quick
A: sickness immunity, fire resistance 2, cold vulnerability 1, float, innate
caster, HP casting, extra vitality 1
a: Renounce Religion, Draw Escape, Draw Destruction, Draw Summoning


You were on level 9 of the Dungeon.
You worshipped Nemelex Xobeh.
Nemelex Xobeh was noncommittal.
You visited 1 branch of the dungeon, and saw 7 of its levels.

You collected 229 gold pieces.

Inventory:

Hand Weapons
 j - a +0 dagger
 l - a +2 vampiric dagger
 r - the +8 frozen axe "Frostbite" (weapon) {freezing cloud, *Noise Fly rC+}
   (You took it off an orc on level 9 of the Dungeon)

   It freezes those it strikes, dealing additional cold damage.
   It can also slow down cold-blooded creatures.
   It occasionally leaves clouds of freezing vapour upon striking a foe.
   It grants immunity to clouds of freezing vapour.
   rC:        It protects you from cold.
   Fly:       It grants you flight.
   *Noise:    It may make noises in combat.
Missiles
 i - 5 javelins
Armour
 a - a +0 robe
 c - a +0 pair of gloves (worn)
 s - +0 steam dragon scales (worn)
Wands
 f - a wand of flame (19)
Scrolls
 b - 3 scrolls of enchant armour {unknown}
 d - 5 scrolls of identify {unknown}
 e - 3 scrolls of blinking {unknown}
 g - a scroll of teleportation
 k - 2 scrolls of magic mapping {unknown}
 n - a scroll of amnesia {unknown}
 o - a scroll of holy word {unknown}
Miscellaneous
 q - a box of beasts (inert)


   Skills:
 - Level 4.3 Dodging
 - Level 2.0 Stealth
 + Level 8.1 Spellcasting


You had 3 spell levels left.
You knew the following spells:

 Your Spells              Type           Power      Damage    Failure   Level
a - Magic Dart            Conj           100%       1d8       1%          1
b - Searing Ray           Conj           84%        2d7       1%          2
c - Dazzling Flash        Conj/Hex       84%        N/A       1%          3
d - Fulminant Prism       Conj/Hex       21%        3d13      2%          4
e - Iskenderun's Mystic   Conj/Tloc      42%        2d10      2%          4
f - Sandblast             Erth           84%        2d18      1%          1
g - Corpse Rot            Necr/Air       84%        N/A       1%          2
h - Vampiric Draining     Necr           42%        2d9       1%          3
Your spell library was empty.

Dungeon Overview and Level Annotations

Branches:
Dungeon (9/15)
 Temple: D:4-7         Lair: D:8-11         Orc: D:9-12

Altars:
Ashenzari
Fedhas
Nemelex Xobeh
The Shining One


Innate Abilities, Weirdness & Mutations

You are immune to sickness and miasma.
You are immune to poison.
Your flesh is very heat resistant. (rF++)
You are vulnerable to cold. (rC-)
You float through the air rather than walking.
You learn spells naturally, not from books.
Your magical power is your life essence.
You have superior vitality. (+4 MHP)


Message History

You feel weakened.
You feel dopey.
You feel clumsy. The gnoll barely misses you.
Unknown command.
It was a potion of curing.
You feel better. The bullfrog completely misses you.
The gnoll completely misses you. The bullfrog hits you.
* * * LOW HITPOINT WARNING * * *
Unknown command.
Casting: Iskenderun's Mystic Blast (dangerous; 2% risk of failure)
Confirm with . or Enter, or press ? or * to list all spells.
You erupt in a blast of force!
The mystic blast hits the gnoll!
You kill the gnoll!
The mystic blast hits the bullfrog!
The bullfrog is heavily wounded.
The bullfrog is knocked back by the mystic blast.
* * * LOW HITPOINT WARNING * * *
Unknown command.
Unknown command.
Casting: Iskenderun's Mystic Blast (dangerous; 2% risk of failure)
Confirm with . or Enter, or press ? or * to list all spells.
You don't have enough health to cast this spell.
Unknown command.
Aiming: Magic Dart (safe; 1% risk of failure)
Press: ? - help, Q - select action, (/) - cycle Shift-Dir - straight line, f - orc
Aim: an orc, wielding a +0 mace and wearing a +0 leather armour (100% to hit)
Okay, then.
You open the lid... ...and a larval fireox beast leaps out!
The box is emptied!
The bullfrog hits you but does no damage.
Unknown command.
Unknown command.
It was a potion of berserk rage.
A red film seems to cover your vision as you go berserk!
You feel yourself moving faster!
You feel mighty! The bullfrog hits you.
* * * LOW HITPOINT WARNING * * *
The orc hits you but does no damage.
Unknown command.
You struggle against the net.
You feel a strong urge to attack something.
The bullfrog barely misses you. The orc hits you with a +0 mace.
You die...
Your body disappears without a glow.

....# #......# . ....#
#....).# #######.. ....#
#.####.# #.....(.. ....#
#.#....###........
....######.#.#>............
...)#......# #.####........
....#.###### #.####....####
.............#.#H).#####
......########.#@#.#
###...# #..Fo.# #...#
#....)# # #...# #.#.....# #
....# #......)# ##....#
###...()# .##.#.# ##.#....
..## # #.#.#..# ...##.##
#.#.#..#


You could see a bullfrog (ally target), an orc and a friendly larval fireox
beast (summoned).

Vanquished Creatures
  A steam dragon (D:9)
  Duvessa (D:4)
  An ogre (D:4)
  An orc warrior (D:9)
  2 water moccasin skeletons
  Dowan (D:4)
  3 killer bees (D:9)
  A bullfrog zombie (D:5)
  3 hounds
  A gnoll shaman (D:9)
  A centaur skeleton (D:5)
  A bullfrog skeleton (D:4)
  3 iguanas
  2 orc wizards
  A scorpion zombie (D:5)
  Natasha (thrice) (D:3)
  7 adders
  4 gnolls (D:9)
  An ufetubus (D:4)
  An adder skeleton (D:4)
  2 worms
  3 dart slugs
  14 orcs
  4 ball pythons
  8 bats
  4 endoplasms
  A giant cockroach (D:2)
  8 goblins
  2 hobgoblins (D:4)
  3 jackals (D:3)
  4 quokkas
  3 frilled lizards
  5 kobolds
  6 rats
106 creatures vanquished.

Vanquished Creatures (others)
  A fulminant prism (D:9)
1 creature vanquished.

Grand Total: 107 creatures vanquished

Notes
Turn   | Place    | Note
-------+----------+-------------------------------------------
     0 | D:1      | ReploidZero the Djinni Conjurer began the quest for the
                  | Orb.
     0 | D:1      | Reached XP level 1. HP: 15/15 MP: 0/0
   269 | D:1      | Reached XP level 2. HP: 20/21 MP: 0/0
   455 | D:1      | Found a faded altar of an unknown god.
   869 | D:2      | Reached XP level 3. HP: 21/25 MP: 0/0
   869 | D:2      | Learned a level 1 spell: Sandblast
  1260 | D:2      | Reached XP level 4. HP: 21/31 MP: 0/0
  1628 | D:3      | Noticed Natasha
  1634 | D:3      | Killed Natasha
  1948 | D:3      | Noticed Natasha
  2007 | D:3      | Killed Natasha
  2008 | D:3      | Reached skill level 4 in Spellcasting
  2008 | D:3      | Reached XP level 5. HP: 16/35 MP: 0/0
  2008 | D:3      | Learned a level 2 spell: Corpse Rot
  2107 | D:3      | Noticed Natasha
  2125 | D:3      | Killed Natasha
  3112 | D:4      | Reached XP level 6. HP: 32/40 MP: 0/0
  3525 | D:4      | Reached skill level 5 in Spellcasting
  3572 | D:4      | Noticed Dowan
  3722 | D:4      | Noticed Duvessa
  3736 | D:4      | Killed Duvessa
  3737 | D:4      | Reached XP level 7. HP: 36/45 MP: 0/0
  3737 | D:4      | Learned a level 3 spell: Vampiric Draining
  3742 | D:4      | Killed Dowan
  4437 | D:4      | Reached skill level 6 in Spellcasting
  5113 | D:5      | Entered Level 5 of the Dungeon
  5342 | D:5      | Reached XP level 8. HP: 43/50 MP: 0/0
  5387 | D:5      | Found a blossoming altar of Fedhas.
  5388 | D:5      | Found a broken altar of Ashenzari.
  5424 | D:5      | Identified the +4 hunting sling of Xom's Inspiration
                  | {speed, Int+2}
  6495 | D:5      | Found a sparkling altar of Nemelex Xobeh.
  6545 | D:5      | Reached skill level 7 in Spellcasting
  6935 | D:5      | Became a worshipper of Nemelex Xobeh the Trickster
  6976 | D:6      | You are sucked into a shaft and drop 3 floors!
  7029 | D:9      | Found a glowing golden altar of the Shining One.
  7499 | D:9      | Reached skill level 8 in Spellcasting
  7512 | D:9      | Slain by an orc

Illustrated notes

Levels and vault maps discovered:
D:1:      dpeg_arrival_stone_temple_mockup, layout_rooms,
          dreamdust_ecumenical_altar_angels_and_demons,
          hangedman_feature_mirror, nicolae_figureground_sparkle
D:2:      layout_rooms, kennysheep_cluttered_room, minmay_pentomino_x2
D:3:      layout_loops_cross, uniq_natasha
D:4:      layout_cave_pods, kennysheep_windowed_goal, uniq_duvessa
D:5:      layout_gridville, marbit_many_paths, nicolae_overflow_squiral
D:6:      layout_cave_pools, mainiacjoe_overflow_24_doors,
          nzn_hepliaklqana_mist_gate, temple_doors_e, serial_bayou_pond_e,
          feat_on_display, uniq_crazy_yiuf_cottage, uniq_pikel,
          uniq_blork_the_orc
D:9:      layout_basic, lemuel_round_altar,
          kennysheep_orc_monster_closet_entryway

Skill      XL: |  1  2  3  4  5  6  7  8 |
---------------+-------------------------+-----
Stealth        | 2 |  2.0
Dodging        | 3 4 |  4.3
Spellcasting   | 4 5 6 8 |  8.1

Action                   |  1- 3 |  4- 6 |  7- 9 || total
-------------------------+-------+-------+-------++-------
Melee: Dagger            |       |       |   125 ||   125
       Punch             |       |       |     2 ||     2
       Executioner's axe |       |       |     5 ||     5
Throw: Javelin           |       |     1 |       ||     1
 Cast: Magic Dart        |    54 |    90 |     9 ||   153
       Searing Ray       |       |    10 |    16 ||    26
       Iskenderun's Myst |       |       |    20 ||    20
       Fulminant Prism   |       |       |     1 ||     1
Evoke: Box of beasts     |       |       |     1 ||     1
  Use: Scroll            |     1 |     1 |       ||     2
       Potion            |       |     1 |     3 ||     4
Armor: Robe              |       |     3 |    24 ||    27
       Steam dragon scal |       |       |     7 ||     7
Dodge: Dodged            |     1 |    19 |   131 ||   151
